Map: Habitation Station LE (Void)

Players

Max - Winner!

  • Race: Terran Terran
  • League: Gold
  • Spawn Location: 1:00

DankDoctor

  • Race: Terran Terran
  • League: Gold
  • Spawn Location: 11:00

VOD

Have the link to the VOD?

Description

Time

  • Played on: Jan. 6, 2017, 8:26 a.m.
  • Length: 7:20
Show
View Real Time Build Order
Export as new Build Order

Max Terran - Winner!

Build Orders:  

Get SALT Encoding   

  12  0:12  SCV  
  13  0:24  SCV  
  14  0:34  Supply Depot  
  14  0:36  SCV  
  14  0:42  Supply Depot  
  15  0:46  Refinery  
  15  0:55  SCV  
  16  0:59  Barracks  
  16  1:07  Supply Depot  
  16  1:09  SCV  
  17  1:20  Refinery  
  17  1:21  SCV  
  18  1:33  SCV  
  19  1:49  Marine  
  19  1:51  Bunker  
  20  1:59  Factory  
  20  2:07  Marine  
  21  2:12  Orbital Command  
  21  2:51  Starport  
  21  2:52  Starport  
  21  2:56  Widow Mine  
  23  3:30  Refinery  
  23  3:37  Starport Tech Lab x2  
  23  3:39  Fusion Core  
  23  3:49  Supply Depot  
  23  4:28  Battlecruiser  
  29  4:54  Battlecruiser  
  35  5:16  Weapon Refit  
  35  5:31  Command Center  
  41  6:45  Refinery  
Show
View Real Time Build Order
Export as new Build Order

DankDoctor Terran 

Build Orders: Reaper Expand 

Get SALT Encoding   

  12  0:01  SCV  
  13  0:17  Supply Depot  
  13  0:18  SCV  
  14  0:30  SCV  
  15  0:40  Barracks  
  15  0:42  SCV  
  16  0:46  Refinery  
  16  0:54  SCV  
  17  1:06  SCV  
  18  1:18  SCV  
  19  1:29  Supply Depot  
  19  1:30  Reaper  
  21  1:36  Orbital Command  
  20  1:49  Refinery  
  20  1:55  Command Center  
  20  2:13  SCV  
  20  2:14  Reaper  
  22  2:25  SCV  
  23  2:42  Factory  
  22  2:53  Factory  
  22  2:55  Barracks Tech Lab  
  22  3:07  Orbital Command  
  22  3:23  Refinery  
  22  3:34  Starport  
  22  3:36  Factory Reactor  
  22  3:40  SCV, Armory  
  23  3:49  Widow Mine  
  23  3:53  SCV  
  26  4:05  SCV  
  27  4:14  Starport Tech Lab, Supply Depot  
  28  4:17  SCV, Widow Mine  
  36  4:31  Hellbat x2  
  34  4:51  Engineering Bay  
  34  4:52  Siege Tank  
  37  4:55  Hellbat x2  
  41  5:08  SCV  
  41  5:13  Supply Depot  
  42  5:20  SCV  
  43  5:24  Missile Turret, Siege Tank  
  43  5:27  Raven  
  48  5:32  SCV, Widow Mine x2  
  53  5:37  Missile Turret  
  53  5:44  SCV  
  54  5:53  Supply Depot  
  54  5:56  SCV  
  54  5:57  Siege Tank  
  58  6:01  Hellbat  
  58  6:15  Missile Turret  
  55  6:29  Siege Tank  
  58  6:40  Viking  
Tags
 
Add a new tag
Caveats
  • Supply blocks, unpowered buildings, or Contaminate may cause inaccurate times.
  • Supply counts are checked every 10 seconds.